 Dungeon Crawl Stone Soup version 0.29-a0-512-gf59ac78 (webtiles) character file.

Game seed: 7394612352374467020

9076 Toastz the Severer (level 11, -17/105 HPs)
             Began as a Hill Orc Fighter on May 29, 2022.
             Was a Believer of Makhleb.
             Demolished by a bunyip (27 damage)
             ... on level 1 of the Lair of Beasts.
             The game lasted 00:24:06 (12631 turns).

Toastz the Severer (Hill Orc Fighter)              Turns: 12631, Time: 00:24:07

Health: -17/105    AC: 18    Str: 24    XL:     11   Next: 40%
Magic:  14/14      EV: 10    Int:  8    God:    Makhleb [**....]
Gold:   672        SH:  5    Dex: 10    Spells: 10/10 levels left

rFire   . . .      SeeInvis +   a - +2 war axe
rCold   . . .      Faith    .   c - +0 buckler
rNeg    . . .      Spirit   .   C - +0 scale mail
rPois   .          Reflect  .   w - +1 helmet
rElec   .          Harm     .   R - +1 cloak
rCorr   .          Rampage  .   d - +0 pair of gloves
Will    .....                   h - +0 pair of boots
Stlth   ..........              (no amulet)
HPRegen 0.27/turn               q - ring of see invisible
MPRegen 0.14/turn               v - +4 ring of protection

@: studying Axes
A: no striking features
a: Renounce Religion, Minor Destruction


You were on level 1 of the Lair of Beasts.
You worshipped Makhleb.
Makhleb was pleased with you.
You visited 3 branches of the dungeon, and saw 12 of its levels.
You also visited: Ossuary.

You collected 672 gold pieces.

Inventory:

Hand Weapons
 a - a +2 war axe (weapon)
Missiles
 l - 283 stones
 K - 3 javelins
 L - 13 poisoned darts
 M - 6 boomerangs (quivered)
Armour
 c - a +0 buckler (worn)
 d - a +0 pair of gloves (worn)
 h - a +0 pair of boots (worn)
 w - a +1 helmet (worn)
 C - a +0 scale mail (worn)
 R - a +1 cloak (worn)
 T - the +0 leather armour "Cyterut" {Rampage rPois Int-4 Stlth+}
   (You found it on level 1 of the Lair of Beasts)

   Int:       It affects your intelligence (-4).
   rPois:     It protects you from poison.
   Rampage:   It bestows one free step when moving towards enemies.
   Stlth:     It makes you more stealthy.
Jewellery
 q - a ring of see invisible (left hand)
 t - a ring of flight
 v - a +4 ring of protection (right hand)
Wands
 b - a wand of flame (14)
 g - a wand of digging (8)
 o - a wand of iceblast (9)
 z - a wand of charming (4)
 J - a wand of polymorph (7)
Scrolls
 e - a scroll of vulnerability {unknown}
 f - 4 scrolls of amnesia
 i - a scroll of fear {unknown}
 m - 3 scrolls of immolation
 r - a scroll of brand weapon
 s - 5 scrolls of enchant weapon
 y - a scroll of magic mapping {unknown}
 A - 3 scrolls of fog
 E - a scroll of silence {unknown}
 G - a scroll of summoning {unknown}
 O - a scroll of enchant armour {unknown}
 P - a scroll of teleportation
 Q - a scroll of blinking {unknown}
 S - 2 scrolls of poison {unknown}
Potions
 j - 3 potions of heal wounds {unknown}
 k - a potion of haste
 n - 3 potions of flight {unknown}
 p - 3 potions of degeneration {unknown}
 u - 2 potions of curing
 x - 4 potions of resistance
 B - 4 potions of lignification {unknown}
 D - a potion of magic {unknown}
 F - a potion of brilliance {unknown}
 I - a potion of ambrosia
 N - 2 potions of attraction {unknown}


   Skills:
 + Level 12.7 Fighting
 - Level 16.0 Axes
 - Level 5.0 Armour
 + Level 2.5 Dodging
 - Level 5.0 Shields
 - Level 5.0 Invocations


You had 10 spell levels left.
You didn't know any spells.
Your spell library contained the following spells:

 Spells                   Type           Power      Damage    Failure   Level
 Static Discharge         Conj/Air       0%         N/A       89%         2
 Confusing Touch          Hex            0%         N/A       98%         3
 Dazzling Flash           Conj/Hex       0%         N/A       98%         3
 Portal Projectile        Hex/Tloc       0%         N/A       98%         3
 Tukima's Dance           Hex            0%         N/A       98%         3
 Dispel Undead            Necr           0%         3d6       100%        4
 Iskenderun's Mystic Bla  Conj/Tloc      0%         2d3       100%        4
 Olgreb's Toxic Radiance  Pois           0%         N/A       100%        4
 Sticky Flame             Conj/Fire      0%         2d3       100%        4
 Blade Hands              Tmut           0%         N/A       100%        5
 Yara's Violent Unravell  Hex/Tmut       0%         3d3       100%        5
 Starburst                Conj/Fire      0%         6d3       100%        6
 Enfeeble                 Hex            0%         N/A       100%        7
 Ozocubu's Refrigeration  Ice            0%         4d5       100%        7
 Ignition                 Fire           0%         3d3       100%        8
 Chain Lightning          Conj/Air       0%         N/A       100%        9
 Fire Storm               Conj/Fire      0%         5d1       100%        9
 Shatter                  Erth           0%         3d5*      100%        9


Dungeon Overview and Level Annotations

Branches:
Dungeon (10/15)            Temple (1/1) D:6            Lair (1/6) D:8
Ossuary (visited)
    Orc: D:9-12

Altars:
Ashenzari
Cheibriados
Dithmenos
Elyvilon
Fedhas
Gozag
Hepliaklqana
Kikubaaqudgha
Makhleb
Nemelex Xobeh
Okawaru
Qazlal
Ru
Sif Muna
Trog
Uskayaw
Vehumet
Wu Jian
Xom
Yredelemnul
Zin
The Shining One

Shops:
D:4 *

Annotations:
D:6 2 transporters, SuisLittleHoshiymin's ghost, novice HOMo
D:7 2 transporters, Caerwyn's ghost, amateur DENe
D:10 Sonja


Message History

You open the door.
A five-headed hydra comes into view.
The five-headed hydra roars!
You block the five-headed hydra's attack.
The five-headed hydra bites you but does no damage.
The five-headed hydra bites you!
The five-headed hydra bites you but does no damage. x2
There is an open door here.
You hack one of the five-headed hydra's heads off!
The four-headed hydra grows two more!
You hit the six-headed hydra.
The six-headed hydra is lightly wounded.
The six-headed hydra bites you but does no damage.
The six-headed hydra closely misses you.
The six-headed hydra bites you but does no damage.
The six-headed hydra bites you! x3
The six-headed hydra attacks as you move away!
The six-headed hydra bites you but does no damage. x2
You block the six-headed hydra's attack.
The six-headed hydra bites you.
The six-headed hydra bites you but does no damage. x2
Aiming: Polymorph
Press: ? - help, Shift-Dir - straight line, f - six-headed hydra
Aim: a six-headed hydra (lightly wounded, will become a tyrant leech, a broodmother, or a bunyip, chance to affect: 17%)
The six-headed hydra evaporates and reforms as a bunyip!
The bunyip claws you! The bunyip claws you!!
* * * LOW HITPOINT WARNING * * *
The bunyip claws you.
* * * LOW HITPOINT WARNING * * *
You fade into invisibility!
The bunyip closely misses you.
The bunyip claws you but does no damage.
The bunyip closely misses you.
You flicker for a moment.
The bunyip misses you. The bunyip closely misses you. The bunyip claws you!
* * * LOW HITPOINT WARNING * * *
You hear the quick rumble of a very distant avalanche of rocks.
You flicker back into view.
There is an open door here.
The bunyip claws you!!
You die...

#..........#....##..
##..#............#P..
#...#.......#....##..
#..+.......#....##..
#..P.............##.
#..#............#.#.
##...#'.#..##........
#....x...............
#...@................
##...................
#P...................
##.####+....#...####.
#............. #.
##.#..........
#<#........# #.#
..... #.. .....


You could see a bunyip.

Vanquished Creatures
  A catoblepas (D:8)
  A two-headed ogre (D:9)
  Joseph (D:8)
  A black mamba (Lair:1)
  A komodo dragon (Lair:1)
  A wraith (Ossuary)
  10 yaks
  Grum (D:8)
  A steam dragon (D:9)
  2 wargs (D:8)
  An acid dragon (D:9)
  3 water moccasins
  Duvessa (D:7)
  3 orc warriors
  2 ice beasts
  3 black bears
  2 ogres
  2 sky beasts
  4 wolves (D:8)
  3 phantoms (D:6)
  5 bullfrogs
  A gnoll sergeant (D:8)
  2 scorpions
  11 wights
  Dowan (D:7)
  4 killer bees
  2 electric eels (D:7)
  7 howler monkeys
  2 hounds (D:6)
  Crazy Yiuf (D:5)
  5 jellies
  3 orc priests
  2 iguanas
  3 orc wizards
  A mummy (Ossuary)
  4 gnolls (D:8)
  8 adders
  9 river rats (D:5)
  A shadow imp (D:5)
  A white imp (D:8)
  An ufetubus (D:6)
  3 worms
  2 dart slugs
  33 orcs
  7 ball pythons
  3 endoplasms (D:1)
  A giant cockroach (D:2)
  3 goblins
  8 hobgoblins
  3 jackals (D:3)
  5 kobolds
  9 quokkas
  10 bats
  5 frilled lizards
  5 gnoll skeletons (Ossuary)
  7 kobold skeletons (Ossuary)
  13 orc skeletons (Ossuary)
  30 rats
265 creatures vanquished.

Vanquished Creatures (others)
  Maurice (D:8)
1 creature vanquished.

Grand Total: 266 creatures vanquished

Notes
Turn   | Place    | Note
-------+----------+-------------------------------------------
     0 | D:1      | Toastz the Hill Orc Fighter began the quest for the Orb.
     0 | D:1      | Reached XP level 1. HP: 19/19 MP: 1/1
    62 | D:1      | Reached skill level 3 in Axes
   105 | D:1      | Reached XP level 2. HP: 27/27 MP: 2/2
   533 | D:1      | Reached skill level 4 in Axes
   539 | D:1      | Reached XP level 3. HP: 33/33 MP: 3/3
  1098 | D:2      | Reached XP level 4. HP: 41/41 MP: 4/4
  1276 | D:2      | Reached skill level 5 in Axes
  2356 | D:3      | Found a faded altar of an unknown god.
  2520 | D:3      | Found a hazy altar of Hepliaklqana.
  2660 | D:3      | Reached XP level 5. HP: 47/47 MP: 5/5
  2763 | D:4      | Reached skill level 5 in Fighting
  2763 | D:4      | Reached skill level 6 in Axes
  3066 | D:4      | Found an opulent altar of Gozag.
  3152 | D:4      | Found Gozag's Platinum Reserve.
  3302 | D:4      | Reached XP level 6. HP: 44/56 MP: 6/6
  3385 | D:4      | Found a burning altar of Makhleb.
  3516 | D:5      | Entered Level 5 of the Dungeon
  3521 | D:5      | Reached skill level 7 in Axes
  3537 | D:5      | Noticed an ice beast
  3562 | D:4      | Killed an ice beast
  3850 | D:5      | Noticed a black bear
  3859 | D:5      | Killed a black bear
  3860 | D:5      | Reached skill level 8 in Axes
  3860 | D:5      | Reached XP level 7. HP: 43/63 MP: 7/7
  3970 | D:5      | Found a sand-covered staircase.
  3975 | Ossuary  | Entered an ossuary
  3975 | Ossuary  | Noticed a wraith
  3975 | Ossuary  | Noticed a wraith
  3975 | Ossuary  | Noticed a wraith
  4147 | Ossuary  | Noticed a wraith
  4167 | Ossuary  | Killed a wraith
  4168 | Ossuary  | Reached skill level 9 in Axes
  4969 | D:5      | Reached XP level 8. HP: 70/73 MP: 8/8
  5257 | D:5      | Reached skill level 10 in Axes
  5738 | D:5      | Found a runed translucent door.
  5739 | D:5      | Noticed Crazy Yiuf
  5744 | D:5      | Killed Crazy Yiuf
  5922 | D:6      | Noticed SuisLittleHoshiymin's ghost (novice HOMo)
  5923 | D:6      | Noticed a hornet
  6040 | D:6      | Found a staircase to the Ecumenical Temple.
  6051 | Temple   | Entered the Ecumenical Temple
  6281 | D:4      | Became a worshipper of Makhleb the Destroyer
  6351 | D:6      | Reached skill level 11 in Axes
  6520 | D:6      | You fall into a shaft and drop 3 floors!
  6656 | D:8      | Noticed Joseph
  6675 | D:8      | Killed Joseph
  6676 | D:8      | Reached skill level 12 in Axes
  6676 | D:8      | Reached XP level 9. HP: 69/82 MP: 9/9
  6752 | D:8      | Noticed a catoblepas
  6778 | D:8      | Reached skill level 13 in Axes
  6796 | D:8      | Reached skill level 14 in Axes
  6921 | D:8      | Noticed Maurice
  6928 | D:8      | Reached skill level 10 in Fighting
  6961 | D:8      | Reached XP level 10. HP: 8/93 MP: 10/10
  7367 | D:7      | Reached * piety under Makhleb
  7517 | D:7      | Reached skill level 15 in Axes
  7537 | D:7      | Found a sacrificial altar of Ru.
  7681 | D:7      | Noticed Dowan
  7701 | D:7      | Killed Dowan
  7717 | D:7      | Reached skill level 1 in Dodging
  8058 | D:7      | Found a glowing golden altar of the Shining One.
  8590 | D:6      | Found a transporter.
  8595 | D:6      | Found a transporter.
  8904 | D:7      | Noticed Duvessa
  8919 | D:7      | Killed Duvessa
  9280 | D:7      | Noticed Caerwyn's ghost (amateur DENe)
  9285 | D:7      | Found a bloodstained altar of Trog.
  9291 | D:7      | Noticed a moth of wrath
  9311 | D:7      | Found a transporter.
  9314 | D:7      | Found a transporter.
  9570 | D:8      | Reached ** piety under Makhleb
  9573 | D:8      | Reached skill level 16 in Axes
  9794 | D:8      | Killed a catoblepas
  9795 | D:8      | Reached skill level 5 in Shields
  9955 | D:8      | Noticed Grum
 10352 | D:8      | Found a staircase to the Lair.
 10372 | D:8      | Killed Grum
 10428 | D:8      | Killed Maurice
 10429 | D:8      | Reached XP level 11. HP: 81/104 MP: 13/13
 10796 | D:9      | Noticed a two-headed ogre
 10804 | D:9      | Killed a two-headed ogre
 11242 | D:9      | Reached skill level 5 in Armour
 11242 | D:9      | Reached skill level 5 in Invocations
 11449 | D:9      | Found a sparkling altar of Nemelex Xobeh.
 12057 | D:10     | Entered Level 10 of the Dungeon
 12057 | D:10     | Noticed Sonja
 12057 | D:10     | Noticed a two-headed ogre
 12221 | Lair:1   | Entered Level 1 of the Lair of Beasts
 12377 | Lair:1   | Identified the +0 leather armour "Cyterut" {Rampage rPois
                  | Int-4 Stlth+}
 12602 | Lair:1   | Noticed a five-headed hydra
 12606 | Lair:1   | Noticed a bunyip
 12606 | Lair:1   | a six-headed hydra changed into a bunyip
 12631 | Lair:1   | Demolished by a bunyip

Illustrated notes

Levels and vault maps discovered:
D:1:      eino_arrival_cavern_b, layout_rooms
D:2:      minmay_door_path, layout_basic, minmay_rat_gold_closets
D:3:      layout_rooms, nicolae_hepliaklqana_hippocampus,
          basic_ecumenical_altar, dreamdust_wishing_well,
          kennysheep_generic_room_6
D:4:      layout_loops_ring, nicolae_gozag_zags_fifth_avenue,
          mainiacjoe_overflow_brackets
D:5:      lemuel_ratsnest, layout_rooms, cheibrodos_sewer_entry_bend,
          nicolae_ossuary_entry_false_entrances, roderic_roman_lattice,
          hangedman_abyss_or_decor_passed, minmay_misc_feat_doors,
          minmay_misc_feat_chi, chequers_serial_rivers_room_a,
          uniq_crazy_yiuf_cottage
D:6:      layout_loops_ring, minmay_temple_entry_grid, gammafunk_ghost_hive
D:7:      layout_basic, nicolae_overflow_squiral,
          gammafunk_ghost_wrathful_warriors, uniq_duvessa
D:8:      layout_basic, erik_lair_orcish_takeover, minmay_manual_mess,
          uniq_maurice, uniq_joseph, uniq_grum
D:9:      layout_basic, general_overflow_altar
D:10:     minmay_slanted_spiral_squares, layout_rooms,
          minmay_orc_entry_temple_small, serial_shops, nicolae_shop_waterfront,
          chequers_serial_rivers_large_a, uniq_sonja
Temple:   compressed_dpeg_circular_temple
Lair:1:   layout_regular_city, lightli_volcano_entry_magma_tube,
          chequers_serial_rivers_micro_d, uniq_nergalle, uniq_urug

Skill      XL: |  1  2  3  4  5  6  7  8  9 10 11 |
---------------+----------------------------------+-----
Axes           | 3 4 5 6 8 9 12 14 16 | 16.0
Fighting       | 4 5 6 7 8 10 11 12 | 12.7
Dodging        | 1 2 |  2.5
Shields        | 5 |  5.0
Invocations    | 3 5 |  5.0
Armour         | 4 5 |  5.0

Action                   |  1- 3 |  4- 6 |  7- 9 | 10-12 || total
-------------------------+-------+-------+-------+-------++-------
Melee: War axe           |    80 |   128 |   268 |   323 ||   799
Throw: Stone             |    19 |    45 |    25 |       ||    89
       Boomerang         |       |       |    25 |    51 ||    76
Evoke: Wand              |       |       |       |     4 ||     4
  Use: Scroll            |       |     4 |     5 |     3 ||    12
       Potion            |       |       |     3 |     4 ||     7
 Stab: Distracted        |       |       |       |     1 ||     1
Armor: Scale mail        |    43 |    86 |   112 |   129 ||   370
Dodge: Dodged            |    49 |    57 |   111 |   110 ||   327
Block: Buckler           |    18 |    39 |    38 |    66 ||   161

Table legend: (Time is in decaauts)
 A = Elapsed time spent in this place.
 B = Non-inter-level travel time spent in this place.
 C = Inter-level travel time spent in this place.
 D = Time resting spent in this place.
 E = Time spent auto-exploring this place.
 F = Levels seen in this place.
 G = Mean time per level.
                   A        B        C        D        E       F      G
               +--------+--------+--------+--------+--------+-----+--------+
         Total |  12672 |  11939 |    733 |   3125 |   6427 |  13 |  974.8 |
       Dungeon |  11568 |  10873 |    695 |   2592 |   6160 |  10 | 1156.8 |
        Temple |    129 |     91 |     38 |      0 |     78 |   1 |  129.0 |
          Lair |    411 |    411 |      0 |    299 |      0 |   1 |  411.0 |
       Ossuary |    563 |    563 |      0 |    234 |    189 |   1 |  563.0 |
               +--------+--------+--------+--------+--------+-----+--------+

Top non-repeatable levels by time:
     D:9: 1938 daAuts
     D:7: 1804 daAuts
     D:5: 1518 daAuts
     D:2: 1517 daAuts
     D:8: 1275 daAuts
     D:4: 1169 daAuts
     D:6: 1066 daAuts
     D:1: 685 daAuts
     D:3: 590 daAuts
 Ossuary: 563 daAuts
  Lair:1: 411 daAuts
  Temple: 129 daAuts
    D:10: 3 daAuts
